 Dungeon Crawl Stone Soup version 0.28-a0-1235-g7c8fac35f0 (webtiles) character file.

Game seed: 2234678829300326769

115 septik the Grave Robber (level 4, 0/30 HPs)
             Began as a Mummy Necromancer on Dec 21, 2021.
             Slain by a centaur zombie (1 damage)
             ... on level 3 of the Dungeon on Dec 24, 2021.
             The game lasted 00:17:02 (3348 turns).

septik the Grave Robber (Mummy Necromancer)         Turns: 3348, Time: 00:17:03

Health: 0/30       AC:  2    Str: 11    XL:     4   Next: 68%
Magic:  9/9        EV: 12    Int: 16    God:
Gold:   126        SH:  0    Dex: 18    Spells: 5/10 levels left

rFire   x . .      SeeInvis .   e - staff of death
rCold   + . .      Faith    .   (no shield)
rNeg    + + +      Spirit   .   a - +0 robe
rPois   ∞          Reflect  .   (no helmet)
rElec   .          Harm     .   (no cloak)
rCorr   .          Rampage  .   (no gloves)
Will    .....                   (no boots)
Stlth   ++........              (no amulet)
HPRegen 0.10/turn               f - +6 ring of dexterity
MPRegen 0.11/turn               (no ring)

@: no status effects
A: cold resistance 1, negative energy resistance 3, torment resistance 2, heat
vulnerability 1, no potions
a: no special abilities


You were on level 3 of the Dungeon.
You visited 1 branch of the dungeon, and saw 3 of its levels.

You collected 126 gold pieces.

Inventory:

Hand Weapons
 b - a +2 short sword of draining
Armour
 a - a +0 robe (worn)
 g - a +0 leather armour
Magical Staves
 e - a staff of death (weapon)
Jewellery
 f - a +6 ring of dexterity (left hand)
Scrolls
 c - 2 scrolls of vulnerability {unknown}
 d - a scroll of fear {unknown}
 h - a scroll of identify {unknown}


   Skills:
 + Level 1.1 Short Blades
 - Level 1.5 Dodging
 + Level 2.4 Stealth
 + Level 3.7 Spellcasting
 * Level 4.9 Necromancy


You had 5 spell levels left.
You knew the following spells:

 Your Spells              Type           Power      Damage    Failure   Level
a - Pain                  Necr           100%       1d9       2%          1
b - Animate Skeleton      Necr           56%        N/A       2%          1
c - Vampiric Draining     Necr           28%        2d8       7%          3

Your spell library contained the following spells:

 Spells                   Type           Power      Damage    Failure   Level
 Apportation              Tloc           4%         N/A       17%         1
 Slow                     Hex            8%         N/A       17%         1
 Summon Small Mammal      Summ           8%         N/A       17%         1
 Animate Dead             Necr           14%        N/A       22%         4
 Confusing Touch          Hex            2%         N/A       45%         3
 Ozocubu's Armour         Ice            2%         N/A       45%         3
 Agony                    Necr           28%        N/A       52%         5
 Metabolic Englaciation   Hex/Ice        1%         N/A       99%         5
 Simulacrum               Ice/Necr       8%         N/A       100%        6


Dungeon Overview and Level Annotations

Branches:
Dungeon (3/15)

Altars:
Cheibriados
Hepliaklqana
Nemelex Xobeh
Uskayaw

Shops:
D:1 (

Annotations:
D:3 Terence


Innate Abilities, Weirdness & Mutations

You are immune to poison.
Your flesh is cold resistant. (rC+)
You are immune to negative energy. (rN+++)
You are immune to unholy pain and torment.
You are vulnerable to heat. (rF-)
You do not drink.


Message History

You hit the centaur zombie but do no damage.
The centaur zombie is lightly damaged.
The centaur zombie hits you. The centaur zombie kicks you.
The centaur zombie hits you.
The centaur zombie completely misses you.
You hit the centaur zombie but do no damage.
The centaur zombie is lightly damaged.
The centaur zombie closely misses you.
The centaur zombie kicks you but does no damage.
You hit the centaur zombie.
The centaur zombie is lightly damaged.
The centaur zombie hits you. The centaur zombie closely misses you.
The centaur zombie barely misses you. x2
You hit the centaur zombie.
The centaur zombie is lightly damaged.
The centaur zombie hits you. The centaur zombie kicks you.
You hit the centaur zombie but do no damage.
The centaur zombie is lightly damaged.
The centaur zombie barely misses you.
The centaur zombie kicks you but does no damage.
The centaur zombie hits you.
The centaur zombie kicks you but does no damage.
You completely miss the centaur zombie.
The centaur zombie is lightly damaged.
The centaur zombie hits you. The centaur zombie barely misses you.
You hit the centaur zombie.
The centaur zombie is moderately damaged.
The centaur zombie misses you. The centaur zombie barely misses you.
The centaur zombie misses you.
The centaur zombie kicks you but does no damage.
You hit the centaur zombie.
The centaur zombie is moderately damaged.
The centaur zombie hits you.
* * * LOW HITPOINT WARNING * * *
The centaur zombie kicks you.
* * * LOW HITPOINT WARNING * * *
The centaur zombie hits you.
* * * LOW HITPOINT WARNING * * *
The centaur zombie kicks you.
You die...

.....#<.........#
......Z.........#
.^..###.........#
...##.##........#
..##...##.......########
.##^._^.##......#......#
##.^.^...##.....#......# ≈≈≈
#^........##....#......# 8♣≈
...#####.^.#..#.@......#
..♣#
#.'#.#.#'.##....Z......# _.@
###..#..###...###......# ..
....###.....#.###......## .♣
..#....).####...........##+#
......[.........)......)...#
..#...........###..........#
..............# ###..##...##
############..# #..######


You could see a centaur zombie.

Vanquished Creatures
  3 gnolls (D:3)
  2 adders (D:3)
  3 dart slugs
  4 orcs (D:3)
  7 endoplasms
  4 giant cockroaches (D:1)
  3 goblins
  3 hobgoblins (D:1)
  4 jackals (D:2)
  5 kobolds
  A quokka (D:1)
  5 ball pythons
  5 bats
  3 frilled lizards
  4 rats
56 creatures vanquished.

Vanquished Creatures (collateral kills)
  2 rats (D:1)
2 creatures vanquished.

Grand Total: 58 creatures vanquished

Notes
Turn   | Place    | Note
-------+----------+-------------------------------------------
     0 | D:1      | septik the Mummy Necromancer began the quest for the Orb.
     0 | D:1      | Reached XP level 1. HP: 13/13 MP: 4/4
   477 | D:1      | Reached XP level 2. HP: 19/19 MP: 3/5
   544 | D:1      | Learned a level 1 spell: Animate Skeleton
   547 | D:1      | Found Pigirgh's Weapon Shop.
  1114 | D:1      | Reached XP level 3. HP: 24/24 MP: 3/7
  1179 | D:1      | Upgraded the game from 0.28-a0-1213-g0243856f03 to
                  | 0.28-a0-1235-g7c8fac35f0
  1467 | D:2      | Found a faded altar of an unknown god.
  2090 | D:3      | Noticed a +0 dagger
  2090 | D:3      | Noticed a +0 hand axe
  2090 | D:3      | Found a hide-covered altar of Uskayaw.
  2325 | D:3      | Reached XP level 4. HP: 30/30 MP: 2/9
  2454 | D:3      | Found a snail-covered altar of Cheibriados.
  2913 | D:3      | Found a sparkling altar of Nemelex Xobeh.
  2945 | D:3      | Reached skill level 1 in Short Blades
  3213 | D:2      | Learned a level 3 spell: Vampiric Draining
  3326 | D:3      | Found a hazy altar of Hepliaklqana.
  3326 | D:3      | Noticed Terence
  3348 | D:3      | HP: 1/30 [centaur zombie (5)]
  3348 | D:3      | Slain by a centaur zombie

Illustrated notes

Levels and vault maps discovered:
D:1:      minmay_arrival_glassed_features, layout_loops_ring, serial_shops,
          nicolae_shop_competitors_out_of_business, minmay_worlds_worst_comb
D:2:      layout_loops_cross, basic_ecumenical_altar
D:3:      minmay_inner_zag, layout_rooms, worldfamousw_hep_ancestral_shrine,
          cheibriados_altar_1, dancing_weapons_uskayaw,
          nemelex_spade_bored_becter, chequers_serial_rivers_large_b,
          uniq_terence

Skill      XL: |  1  2  3  4 |
---------------+-------------+-----
Spellcasting   | 3 |  3.7
Stealth        | 2 |  2.4
Short Blades   | 1 |  1.1
Dodging        | |  1.5
Necromancy     | |  4.9

Action                   |  1- 3 |  4- 6 || total
-------------------------+-------+-------++-------
Melee: Unarmed           |     8 |       ||     8
       Short sword       |     5 |       ||     5
       Staff             |       |    10 ||    10
 Cast: Pain              |    76 |    35 ||   111
       Animate Skeleton  |     4 |       ||     4
Armor: Robe              |     8 |    13 ||    21
Dodge: Dodged            |    18 |    30 ||    48

Table legend: (Time is in decaauts)
 A = Elapsed time spent in this place.
 B = Non-inter-level travel time spent in this place.
 C = Inter-level travel time spent in this place.
 D = Time resting spent in this place.
 E = Time spent auto-exploring this place.
 F = Levels seen in this place.
 G = Mean time per level.
                   A        B        C        D        E       F      G
               +--------+--------+--------+--------+--------+-----+--------+
         Total |   3379 |   3295 |     84 |    256 |   2482 |   3 | 1126.3 |
       Dungeon |   3379 |   3295 |     84 |    256 |   2482 |   3 | 1126.3 |
               +--------+--------+--------+--------+--------+-----+--------+

Top non-repeatable levels by time:
     D:1: 1454 daAuts
     D:3: 1179 daAuts
     D:2: 745 daAuts
